 Dungeon Crawl Stone Soup version 0.31-a0-255-g9c3d1c461a (webtiles) character file.

Game seed: 11910196550466546428

40 qw the Shooter (level 3, -3/29 HPs)
             Began as a Minotaur Hexslinger on July 12, 2023.
             Slain by a goblin
             ... wielding a +0 dagger
             ... led by Robin
              (4 damage)
             ... on level 2 of the Dungeon.
             The game lasted 00:00:18 (968 turns).

qw the Shooter (Minotaur Hexslinger)                 Turns: 968, Time: 00:00:18

Health: -3/29      AC:  2    Str: 12    XL:     3   Next: 30%
Magic:  3/3        EV: 12    Int: 10    God:
Gold:   29         SH:  0    Dex: 14    Spells: 3/4 levels left

rFire   . . .        Y - +1 sling
rCold   . . .        (no shield)
rNeg    . . .        c - +0 robe
rPois   .            (helmet restricted)
rElec   .            (no cloak)
rCorr   .            (no gloves)
SInv    .            (no boots)
Will    .....        (no amulet)
Stlth   +            (no ring)
HPRegen 0.24/turn    (no ring)
MPRegen 0.08/turn

%: no passive effects
@: no status effects
A: horns 2, retaliatory headbutt
a: no special abilities


You were on level 2 of the Dungeon.
You visited 1 branch of the dungeon, and saw 2 of its levels.

You collected 29 gold pieces.


Innate Abilities, Weirdness & Mutations

You have a pair of horns on your head.
You reflexively headbutt those who attack you in melee.


   Skills:
 - Level 2.0 Fighting
 + Level 3.9 Ranged Weapons
 - Level 2.1 Dodging
 - Level 1.0 Spellcasting
 - Level 2.0 Hexes


You had 3 spell levels left.
You knew the following spells:

 Your Spells              Type           Power      Damage    Failure   Level
a - Slow                  Hex            16%        N/A       16%         1

Your spell library contained the following spells:

 Spells                   Type           Power      Damage    Failure   Level
 Inner Flame              Hex/Fire       2%         N/A       56%         3
 Portal Projectile        Hex/Tloc       4%         N/A       56%         3
 Cause Fear               Hex            2%         N/A       83%         4

Inventory:

Hand Weapons
 Y - a +1 sling (weapon)
Armour
 b - a +0 leather armour
 c - a +0 robe (worn)
Potions
 a - 2 potions of enlightenment {unknown}
 e - a potion of heal wounds {unknown}

Dungeon Overview and Level Annotations

Branches:
Dungeon (2/15)

Altars:

Annotations:
D:2 Robin


Message History

You shoot a sling bullet. The sling bullet hits the goblin.
You kill the goblin!
Robin drinks a potion.
Robin flickers and vanishes!
Deactivating autopickup; reactivate with Ctrl-A.
The hobgoblin barely misses you. The goblin hits you with a +0 dagger.
The goblin barely misses you. x4; You furiously retaliate!
You headbutt the goblin!
You kill the goblin!
The hobgoblin barely misses you. You furiously retaliate!
You headbutt the hobgoblin.
You kill the hobgoblin!
You shoot a sling bullet. The sling bullet hits the goblin.
The goblin is heavily wounded.
The goblin closely misses you. You furiously retaliate!
You headbutt the goblin. The goblin closely misses you.
The goblin hits you with a +0 dagger. x2
You shoot a sling bullet.
The sling bullet closely misses the goblin.
The goblin hits you with a +0 dagger. The goblin closely misses you.
The goblin misses you. The goblin barely misses you. You furiously retaliate!
You headbutt the goblin. You shoot a sling bullet.
The sling bullet hits the goblin but does no damage.
The goblin is severely wounded.
The goblin hits you but does no damage. The goblin closely misses you.
The goblin misses you. You furiously retaliate!
You headbutt the goblin, but do no damage.
The goblin completely misses you. The goblin hits you with a +0 dagger.
The goblin goes into a battle-frenzy!
You shoot a sling bullet.
The sling bullet closely misses the goblin.
The goblin hits you but does no damage. The goblin hits you with a +0 club.
The goblin hits you but does no damage. The goblin barely misses you.
The goblin hits you with a +0 dagger.
You shoot a sling bullet. The sling bullet hits the goblin!
You kill the goblin!
The goblin hits you with a +0 dagger. The goblin barely misses you.
You furiously retaliate!
You headbutt the goblin, but do no damage.
The goblin hits you with a +0 dagger.
You die...

....####.. . ..>.....##.
... ........... ....
..........
....##.........
#...)........ #
#.{ggg......
...##.##@g...... <
......)#)g....... ...
#..###.#...#.
.........####.....#.....
............###).....#
.......###.####.....
..... #....#..#( . ...#
####....#.... ..#
#.........


You could see 5 goblins.

Vanquished Creatures
  An ufetubus (D:2)
  2 dart slugs
  A ball python (D:1)
  4 endoplasms
  9 goblins
  3 hobgoblins
  2 kobolds
  A quokka (D:1)
  4 bats (D:1)
  2 frilled lizards (D:1)
29 creatures vanquished.

Notes
Turn   | Place    | Note
-------+----------+-------------------------------------------
     0 | D:1      | qw the Minotaur Hexslinger began the quest for the Orb.
     0 | D:1      | Reached XP level 1. HP: 16/16 MP: 1/1
     0 | D:1      | 0 ||| qw: Version: 0.3-a-52-g30416fa
     0 | D:1      | 0 ||| qw: Game counter: 6713
     0 | D:1      | 0 ||| qw: Melee chars always use a shield: true
     0 | D:1      | 0 ||| qw: God list: Okawaru
     0 | D:1      | 0 ||| qw: Allow faded altars: false
     0 | D:1      | 0 ||| qw: Do Orc after clearing Dungeon:15 true
     0 | D:1      | 0 ||| qw: Do second Lair branch before Depths: true
     0 | D:1      | 0 ||| qw: Lair rune preference: random
     0 | D:1      | 0 ||| qw: Goals: Normal
     0 | D:1      | 0 ||| PLANNING D:1-11
   300 | D:1      | Reached skill level 3 in Ranged Weapons
   301 | D:1      | Reached XP level 2. HP: 23/23 MP: 2/2
   324 | D:1      | 324 ||| FLEEEEING.
   780 | D:1      | 780 ||| READING scroll labelled WEJE HIFF.
   781 | D:1      | 781 ||| DROPPING scroll of poison.
   834 | D:2      | HP: 6/24 [ufetubus (2)]
   837 | D:2      | Reached XP level 3. HP: 7/29 MP: 3/3
   958 | D:2      | Noticed Robin
   967 | D:2      | HP: 6/29 [goblin/+0 club[Robin] (3)]
   968 | D:2      | HP: 1/29 [goblin/+0 dagger[Robin] (4)]
   968 | D:2      | Slain by a goblin

Levels and vault maps discovered:
D:1:      evilmike_arrival_plus, layout_basic, minmay_misc_feat_secret_circle
D:2:      layout_rooms, basic_altar, uniq_robin

Skill      XL: |  1  2 |
---------------+-------+-----
Ranged Weapons | 3 |  3.9
Fighting       | 2 |  2.0
Dodging        | |  2.1
Spellcasting   | |  1.0
Hexes          | |  2.0

Action                     || total
---------------------------++-------
   Fire: Sling             ||    76
    Use: Scroll            ||     1
 Armour: Robe              ||    14
  Dodge: Dodged            ||    46

Table legend:
 A = Non-vault XP
 B = Vault XP
 C = Vault XP percentage of total XP
 D = Non-vault monster count
 E = Vault monster count
 F = Vault count percentage of total count
                 A         B        C        D         E       F
            +---------+---------+-------+---------+---------+-------
      Total |      49 |      11 |  18.3 |      23 |       6 |  20.7
            +---------+---------+-------+---------+---------+-------
        D:1 |      27 |       0 |   0.0 |      16 |       0 |   0.0
        D:2 |      22 |      11 |  33.3 |       7 |       6 |  46.2
            +---------+---------+-------+---------+---------+-------
